 Dungeon Crawl Stone Soup version 0.26-a0-712-ga5a9c9c9d0 (webtiles) character file.

Game seed: 13192575598393447143

261 FrothyCoffee the Changer (level 6, -2/84 HPs)
             Began as a Naga Transmuter on Nov 10, 2020.
             Slain by a killer bee (3 damage)
             ... on level 3 of the Dungeon.
             The game lasted 00:13:20 (4907 turns).

FrothyCoffee the Changer (Naga Transmuter)          Turns: 4907, Time: 00:13:21

Health: -2/84      AC: 23    Str: 10 (13) XL:     6   Next: 18%
Magic:  9/9        EV:  1    Int: 12 (15) God:
Gold:   172        SH:  0    Dex:  9 (11) Spells: 3/9 levels left

rFire    . . .     SeeInvis +     - Unarmed
rCold    . . .     Faith    .   (no shield)
rNeg     + + +     Spirit   .   (armour currently unavailable)
rPois    +         Reflect  .   (helmet currently unavailable)
rElec    .         Harm     .   (cloak currently unavailable)
rCorr    .         Rampage  .   (gloves currently unavailable)
MR       .....     NoTele   +   (no barding)
Stlth    +.........             (no amulet)
HPRegen  0.24/turn              (no ring)
MPRegen  0.11/turn              (no ring)

@: mighty, lethally poisoned (-2 -> -4), tree-form, wereblooded, stab
A: large, see invisible, spit poison 1, AC +2
a: Spit Poison


You were on level 3 of the Dungeon.
You were a tree.
You visited 1 branch of the dungeon, and saw 4 of its levels.

You collected 172 gold pieces.

Inventory:

Missiles
 e - 7 silver javelins (quivered)
 n - 7 javelins
 o - 3 atropa-tipped darts
Armour
 a - a +0 robe (melded)
 d - a +0 buckler
 p - a +2 helmet (melded)
Wands
 t - a wand of polymorph (2)
Scrolls
 f - a scroll of enchant weapon
 g - 2 scrolls of teleportation
 h - 3 scrolls of identify
 i - a scroll of magic mapping
 m - a scroll of fog {unknown}
Potions
 b - a potion of brilliance
 c - a potion of degeneration
 j - 2 potions of mutation
 k - a potion of heal wounds {unknown}


   Skills:
 + Level 3.4 Fighting
 - Level 1.5 Dodging
 - Level 3.0 Unarmed Combat
 - Level 2.0 Spellcasting
 * Level 5.2 Transmutations


You had 3 spell levels left.
You knew the following spells:

 Your Spells              Type           Power        Failure   Level
a - Beastly Appendage     Tmut           ##....       3%          1
b - Wereblood             Tmut           ##......     4%          2
c - Spider Form           Tmut/Pois      #.........   28%         3

Your spell library contained the following spells:

 Spells                   Type           Power        Failure   Level
 Confusing Touch          Hex            #.......     63%         3
 Gell's Gravitas          Tloc           #.........   63%         3
 Blade Hands              Tmut           ##........   65%         5
 Ice Form                 Ice/Tmut       #.......     67%         4
 Petrify                  Tmut/Erth      #.......     67%         4
 Yara's Violent Unravell  Hex/Tmut       #.........   95%         5
 Metabolic Englaciation   Hex/Ice        #.........   100%        5


Dungeon Overview and Level Annotations

Branches:
Dungeon (4/15)             Temple (0/1) D:4

Altars:
Fedhas
Nemelex Xobeh


Innate Abilities, Weirdness & Mutations

You cannot wear boots.
((Your serpentine skin is tough. (AC +2)))
You have supernaturally acute eyesight. (SInv)
((Armour fits poorly on your strangely shaped body.))
((Your system is resistant to poisons. (rPois)))
((You cover ground very slowly.))
You can spit poison.


Message History

The killer bee is almost dead.
You feel sick. The killer bee barely misses you.
You closely miss the killer bee.
The killer bee is almost dead.
You feel sick.
The killer bee stings you but does no damage.
The killer bee stings you.
* * * LOW HITPOINT WARNING * * *
It was a potion of stabbing.
You feel ready to backstab.
You creak as the wereblood boils in your veins!
The killer bee stings you but does no damage. x2
It was a potion of might.
You feel very mighty all of a sudden.
* * * LOW HITPOINT WARNING * * *
You feel sick.
The killer bee stings you but does no damage. x2
It was a potion of magic.
Magic courses through your body. The killer bee stings you.
You die...

#................####
#....#######....####.
#....# #..........
#....############..##
####...#♣..♣ #...#
#....##...♣####.#.#
#....##.♣♣.'.##.#.##
#....##....#........
#..♣y##♣..♣###.#....
#...†# #### ##.#....
#....# ##..#....
#....#### #..#####.
#.......# ##.## #.
♣♣♣######...# #..# #.
♣♣♣P≈≈≈PP≈≈...# #.##
##. ♣♣♣≈≈P≈P≈≈≈≈P..##
#.# #..
♣♣≈P≈≈≈≈≈≈≈≈≈≈..#
##.# #.#


You could see a killer bee.

Vanquished Creatures
  A bullfrog (D:3)
  A worker ant (D:2)
  Terence (D:3)
  5 adders
  2 oozes (D:2)
  4 worms
  3 dart slugs (D:2)
  2 leopard geckos (D:3)
  An orc (D:3)
  2 giant cockroaches
  7 hobgoblins
  10 jackals
  2 quokkas (D:2)
  A ball python (D:2)
  11 bats
  5 frilled lizards
  8 goblins
  8 kobolds
  8 rats
82 creatures vanquished.

Vanquished Creatures (others)
  45 plants (D:3)
45 creatures vanquished.

Grand Total: 127 creatures vanquished

Notes
Turn   | Place    | Note
-------+----------+-------------------------------------------
     0 | D:1      | FrothyCoffee the Naga Transmuter began the quest for the
                  | Orb.
     0 | D:1      | Reached XP level 1. HP: 18/18 MP: 3/3
   179 | D:1      | Reached XP level 2. HP: 23/25 MP: 5/5
   783 | D:2      | Reached skill level 3 in Transmutations
   783 | D:2      | Reached XP level 3. HP: 18/32 MP: 4/6
  1379 | D:1      | Learned a level 2 spell: Wereblood
  1581 | D:2      | Reached XP level 4. HP: 35/39 MP: 4/7
  2254 | D:2      | Reached skill level 4 in Transmutations
  2369 | D:2      | Reached XP level 5. HP: 22/46 MP: 5/8
  2595 | D:2      | Found a blossoming altar of Fedhas.
  3213 | D:3      | HP: 2/48 [bullfrog (4)]
  3672 | D:3      | Reached skill level 5 in Transmutations
  3742 | D:3      | Found a sparkling altar of Nemelex Xobeh.
  3764 | D:3      | Learned a level 3 spell: Spider Form
  3930 | D:3      | Reached XP level 6. HP: 56/56 MP: 6/9
  4322 | D:3      | Noticed Terence
  4397 | D:3      | Killed Terence
  4650 | D:4      | Found a staircase to the Ecumenical Temple.
  4904 | D:3      | HP: 2/84 [killer bee (4)]
  4907 | D:3      | Slain by a killer bee

Illustrated notes

Levels and vault maps discovered:
D:1:      nicolae_arrival_washed_ashore, layout_basic
D:2:      layout_basic, nicolae_overflow_crystal_walls
D:3:      layout_rooms, serial_bayou, serial_bayou_crossing,
          serial_bayou_shore_a, serial_bayou_lagoon_a, serial_bayou_pond_d,
          chequers_arboretum, nemelex_diamond_rough_becter, uniq_terence
D:4:      layout_cave_pools, nemelex_xobeh_ov_fountains_minmay,
          nicolae_ru_sacrificial_ziggurat, minmay_temple_entry_drinking_statues,
          st_stairs_4

Skill      XL: |  1  2  3  4  5 |
---------------+----------------+-----
Transmutations | 3 4 5 |  5.2
Fighting       | 2 3 |  3.4
Dodging        | |  1.5
Unarmed Combat | |  3.0
Spellcasting   | |  2.0

Action                   |  1- 3 |  4- 6 || total
-------------------------+-------+-------++-------
Melee: Unarmed           |    87 |   171 ||   258
       Headbutt          |    12 |    13 ||    25
Throw: Javelin           |     4 |       ||     4
 Cast: Beastly Appendage |    18 |    18 ||    36
       Wereblood         |     5 |    28 ||    33
       Spider Form       |       |     8 ||     8
 Abil: Spit Poison       |    14 |    19 ||    33
  Use: Scroll            |       |     8 ||     8
       Potion            |       |     5 ||     5
Armor: Robe              |    26 |    59 ||    85
       Skin              |       |    17 ||    17
Dodge: Dodged            |    61 |   114 ||   175

Table legend: (Time is in decaauts)
 A = Elapsed time spent in this place.
 B = Non-inter-level travel time spent in this place.
 C = Inter-level travel time spent in this place.
 D = Time resting spent in this place.
 E = Time spent auto-exploring this place.
 F = Levels seen in this place.
 G = Mean time per level.
                   A        B        C        D        E       F      G
               +--------+--------+--------+--------+--------+-----+--------+
         Total |   5640 |   5452 |    188 |   1908 |   2486 |   4 | 1410.0 |
       Dungeon |   5640 |   5452 |    188 |   1908 |   2486 |   4 | 1410.0 |
               +--------+--------+--------+--------+--------+-----+--------+

Top non-repeatable levels by time:
     D:3: 2328 daAuts
     D:2: 1975 daAuts
     D:1: 1289 daAuts
     D:4: 48 daAuts
